APL (24 & UNDER)
SAVANNAH HOGS @ EL PASO TEXANS
08/02/2026
 
TOP OF THE 1ST
Savannah Hogs batting - Pitching for Dunedin Blue Jays : RHP Carlos Díaz
Pitching: RHP Carlos Díaz
Batting: RHB Anastasio Movonda 0-0: Swinging Strike
0-1: Ground out 1-3 (Groundball, 25)
Batting: LHB Jim Clemente 0-0: Foul Ball, location: 2F
0-1: Foul Ball, location: 2F
0-2: Ball
1-2: Fly out, F6 (Line Drive, 6D)
Batting: LHB Ramón Morales 0-0: Ball
1-0: Foul Ball, location: 2F
1-1: SINGLE (Flyball, 7S)
Batting: RHB Sergio Moreno 0-0: Ball
Ramón Morales is caught stealing 2nd base
Top of the 1st over - 0 run(s), 1 hit(s), 0 error(s), 0 left on base; Savannah 0 - Dunedin 0
BOTTOM OF THE 1ST
Dunedin Blue Jays batting - Pitching for Savannah Hogs : RHP Ubaldo Tavaia
Pitching: RHP Ubaldo Tavaia
Batting: LHB Guy Moss 0-0: Called Strike
0-1: Ball
1-1: Ball
2-1: Ball
3-1: Swinging Strike
3-2: Strikes out swinging
Batting: SHB Richard Griffin 0-0: Called Strike
0-1: Called Strike
0-2: Ball
1-2: Ball
2-2: Foul Ball, location: 2F
2-2: Ball
3-2: Base on Balls
Batting: RHB Keith Ivey 0-0: Called Strike
0-1: Called Strike
0-2: Foul Ball, location: 2F
0-2: Fielders Choice at 2nd, 6-4 (Groundball, 56)
Batting: RHB Gilberto Tovar 0-0: Ball
Keith Ivey steals 2nd base
1-0: Ground out 6-3 (Groundball, 6M)
Bottom of the 1st over - 0 run(s), 0 hit(s), 0 error(s), 1 left on base; Savannah 0 - Dunedin 0
TOP OF THE 2ND
Savannah Hogs batting - Pitching for Dunedin Blue Jays : RHP Carlos Díaz
Batting: RHB Sergio Moreno 0-0: Called Strike
0-1: Foul Ball, location: 2F
0-2: Ball
1-2: Foul Ball, location: 2F
1-2: Ball
2-2: Strikes out swinging
Batting: RHB Remi Eruzione 0-0: Called Strike
0-1: Swinging Strike
0-2: Ball
1-2: Foul Ball, location: 2F
1-2: Strikes out swinging
Batting: LHB Pedro Medine 0-0: Called Strike
0-1: Foul Ball, location: 2F
0-2: Ball
1-2: Ball
2-2: Strikes out swinging
Top of the 2nd over - 0 run(s), 0 hit(s), 0 error(s), 0 left on base; Savannah 0 - Dunedin 0
BOTTOM OF THE 2ND
Dunedin Blue Jays batting - Pitching for Savannah Hogs : RHP Ubaldo Tavaia
Batting: RHB David Castillo 0-0: Ball
1-0: Ball
2-0: Fly out, F4 (Line Drive, 4)
Batting: LHB Roberto Félix 0-0: Ball
1-0: Called Strike
1-1: Ball
2-1: Foul Ball, location: 2F
2-2: Foul Ball, location: 2F
2-2: Ball
3-2: Base on Balls
Batting: RHB Fernando Bórquez 0-0: Ball
Roberto Félix is caught stealing 2nd base
1-0: Ball
2-0: Ball
3-0: Base on Balls
Batting: RHB José Murillo 0-0: Ball
Fernando Bórquez is caught stealing 2nd base
Bottom of the 2nd over - 0 run(s), 0 hit(s), 0 error(s), 0 left on base; Savannah 0 - Dunedin 0
TOP OF THE 3RD
Savannah Hogs batting - Pitching for Dunedin Blue Jays : RHP Carlos Díaz
Batting: LHB Ivan Costello 0-0: Ball
1-0: SOLO HOME RUN (Flyball, 9LD), Distance : 349 ft
Batting: RHB Miguel Toro 0-0: Ball
1-0: Ball
2-0: Ball
3-0: Called Strike
3-1: Base on Balls
Batting: RHB Ernesto Gómez 0-0: Ball
1-0: Foul Ball, location: 2F
1-1: Ball
2-1: Swinging Strike
2-2: Strikes out swinging
Batting: RHB Anastasio Movonda 0-0: Ball
1-0: Ball
2-0: Foul Ball, location: 2F
2-1: Called Strike
2-2: Foul Ball, location: 2F
2-2: Ball
3-2: Foul Ball, location: 2F
3-2: Foul Ball, location: 2F
3-2: Fly out, F8 (Popup, 6MD)
Batting: LHB Jim Clemente 0-0: Swinging Strike
0-1: Ball
1-1: Ball
2-1: Ball
3-1: Swinging Strike
3-2: Base on Balls
Miguel Toro to second
Batting: LHB Ramón Morales 0-0: Ball
1-0: Called Strike
1-1: SINGLE (Line Drive, 56D)
Miguel Toro to third
Jim Clemente to second
Runner from 3rd tries for Home, SAFE, no throw or cutoff
Batting: RHB Sergio Moreno 0-0: Ball
1-0: Swinging Strike
1-1: Swinging Strike
1-2: Strikes out swinging
Top of the 3rd over - 2 run(s), 2 hit(s), 0 error(s), 2 left on base; Savannah 2 - Dunedin 0
BOTTOM OF THE 3RD
Dunedin Blue Jays batting - Pitching for Savannah Hogs : RHP Ubaldo Tavaia
Batting: RHB José Murillo 0-0: Called Strike
0-1: Foul Ball, location: 2F
0-2: DOUBLE (Line Drive, 5D)
Batting: RHB Rafael Carreón 0-0: Called Strike
0-1: SINGLE (Line Drive, 7LM)
José Murillo to third
Batting: LHB Guy Moss 0-0: Called Strike
0-1: Ball
1-1: Foul Ball, location: 2F
1-2: Fly out, F8 (Flyball, 8RS)
1-2: Lined into DP, 8-3 (Flyball, 8RS)
Batting: SHB Richard Griffin 0-0: Ball
1-0: Swinging Strike
1-1: Ball
2-1: Swinging Strike
2-2: Ball
3-2: Foul Ball, location: 2F
3-2: Strikes out swinging
Bottom of the 3rd over - 0 run(s), 2 hit(s), 0 error(s), 1 left on base; Savannah 2 - Dunedin 0
TOP OF THE 4TH
Savannah Hogs batting - Pitching for Dunedin Blue Jays : RHP Carlos Díaz
Batting: RHB Remi Eruzione 0-0: Ball
1-0: Fly out, F6 (Popup, 6M)
Batting: LHB Pedro Medine 0-0: Called Strike
0-1: Ball
1-1: Ground out 6-3 (Groundball, 6M)
Batting: LHB Ivan Costello 0-0: Swinging Strike
0-1: Called Strike
0-2: Strikes out swinging
Top of the 4th over - 0 run(s), 0 hit(s), 0 error(s), 0 left on base; Savannah 2 - Dunedin 0
BOTTOM OF THE 4TH
Dunedin Blue Jays batting - Pitching for Savannah Hogs : RHP Ubaldo Tavaia
Batting: RHB Keith Ivey 0-0: Foul Ball, location: 2F
0-1: Ball
1-1: Swinging Strike
1-2: Foul Ball, location: 2F
1-2: Ball
2-2: Foul Ball, location: 2F
2-2: Ball
3-2: Foul Ball, location: 2F
3-2: Ground out 5-3 (Groundball, 5)
Batting: RHB Gilberto Tovar 0-0: Called Strike
0-1: Ground out U3 (Groundball, 3)
Batting: RHB David Castillo 0-0: Ball
1-0: Ball
2-0: Called Strike
2-1: Ball
3-1: Foul Ball, location: 2F
3-2: Base on Balls
Batting: LHB Roberto Félix 0-0: Foul Ball, location: 2F
0-1: Fielders Choice at 2nd, U4 (Groundball, 4M)
Bottom of the 4th over - 0 run(s), 0 hit(s), 0 error(s), 1 left on base; Savannah 2 - Dunedin 0
TOP OF THE 5TH
Savannah Hogs batting - Pitching for Dunedin Blue Jays : RHP Carlos Díaz
Batting: RHB Miguel Toro 0-0: Fly out, F3 (Popup, 3SF)
Batting: RHB Ernesto Gómez 0-0: Swinging Strike
0-1: Fly out, F8 (Flyball, 8RM)
Batting: RHB Anastasio Movonda 0-0: Ball
1-0: Foul Ball, location: 2F
1-1: Called Strike
1-2: Ball
2-2: Strikes out swinging
Top of the 5th over - 0 run(s), 0 hit(s), 0 error(s), 0 left on base; Savannah 2 - Dunedin 0
BOTTOM OF THE 5TH
Dunedin Blue Jays batting - Pitching for Savannah Hogs : RHP Ubaldo Tavaia
Batting: RHB Fernando Bórquez 0-0: Ball
1-0: SINGLE (Groundball, 56D) (infield hit)
Batting: RHB José Murillo 0-0: Ball
1-0: Called Strike
1-1: Ball
2-1: Ground out U3 (Groundball, 3S)
Fernando Bórquez to second
Batting: RHB Rafael Carreón 0-0: Ball
1-0: Ball
Throwing error on steal attempt, E2
Fernando Bórquez scores
2-0: Swinging Strike
2-1: Ball
3-1: Ground out 6-3 (Groundball, 6S)
Batting: LHB Guy Moss 0-0: Swinging Strike
0-1: Ball
1-1: Foul Ball, location: 2F
1-2: Ground out 1-3 (Groundball, 13S)
Bottom of the 5th over - 1 run(s), 1 hit(s), 1 error(s), 0 left on base; Savannah 2 - Dunedin 1
TOP OF THE 6TH
Savannah Hogs batting - Pitching for Dunedin Blue Jays : RHP Carlos Díaz
Batting: LHB Jim Clemente 0-0: Ball
1-0: Ball
2-0: Ball
3-0: Base on Balls
Batting: LHB Ramón Morales 0-0: Called Strike
0-1: Swinging Strike
0-2: Strikes out swinging
Pitching: RHP George Floyd
Batting: RHB Sergio Moreno 0-0: Called Strike
Jim Clemente is caught stealing 2nd base
0-1: Ground out 1-3 (Groundball, 15)
Top of the 6th over - 0 run(s), 0 hit(s), 0 error(s), 0 left on base; Savannah 2 - Dunedin 1
BOTTOM OF THE 6TH
Dunedin Blue Jays batting - Pitching for Savannah Hogs : RHP Ubaldo Tavaia
Pitching: LHP Miguel Valentín
Batting: SHB Richard Griffin 0-0: Called Strike
0-1: Ball
1-1: Called Strike
1-2: Ball
2-2: Fly out, F8 (Flyball, 8RM)
Batting: RHB Keith Ivey 0-0: Called Strike
0-1: SINGLE (Flyball, 89S)
Batting: RHB Gilberto Tovar 0-0: Called Strike
0-1: Called Strike
0-2: Ball
1-2: Foul Ball, location: 2F
1-2: Ball
2-2: Foul Ball, location: 2F
2-2: Ball
3-2: Foul Ball, location: 2F
3-2: Base on Balls
Keith Ivey to second
Batting: RHB David Castillo 0-0: Foul Ball, location: 2F
0-1: Swinging Strike
0-2: Strikes out swinging
Batting: LHB Roberto Félix 0-0: Swinging Strike
0-1: Swinging Strike
0-2: Ball
1-2: Strikes out swinging
Bottom of the 6th over - 0 run(s), 1 hit(s), 0 error(s), 2 left on base; Savannah 2 - Dunedin 1
TOP OF THE 7TH
Savannah Hogs batting - Pitching for Dunedin Blue Jays : RHP George Floyd
Batting: RHB Remi Eruzione 0-0: Ball
1-0: Ball
2-0: Ball
3-0: Base on Balls
Batting: LHB Pedro Medine 0-0: Ball
1-0: Foul Ball, location: 2F
1-1: SINGLE (Groundball, 4MD)
Remi Eruzione to second
Runner from 2nd tries for 3rd, SAFE, no throw or cutoff
Batting: LHB Ivan Costello 0-0: Called Strike
0-1: Called Strike
0-2: Ball
1-2: Strikes out looking
Pinch Hitting: LHB Juan Delgado 0-0: Called Strike
0-1: Ball
1-1: Called Strike
1-2: Ball
2-2: Strikes out swinging
Pinch Hitting: SHB Júlio Macías 0-0: Called Strike
0-1: Ball
1-1: Ground out 1-3 (Groundball, 13)
Top of the 7th over - 0 run(s), 1 hit(s), 0 error(s), 2 left on base; Savannah 2 - Dunedin 1
BOTTOM OF THE 7TH
Dunedin Blue Jays batting - Pitching for Savannah Hogs : LHP Miguel Valentín
Pitching: RHP Ramón Martínez
Now in LF: Guillermo González
Now in CF: Júlio Macías
Batting: RHB Fernando Bórquez 0-0: Foul Ball, location: 2F
0-1: SINGLE (Flyball, 7S)
Batting: RHB José Murillo 0-0: Swinging Strike
0-1: Bunt missed!
0-2: Ball
1-2: Ball
2-2: SINGLE (Groundball, 4D)
Fernando Bórquez to second
Runner from 2nd tries for 3rd, OUT!
José Murillo to second
Pitching: RHP Jorge Durán
Batting: RHB Rafael Carreón 0-0: Ball
1-0: Called Strike
1-1: Ball
2-1: Swinging Strike
2-2: Strikes out swinging passed ball, reaches first!
José Murillo to third
Batting: LHB Guy Moss 0-0: Swinging Strike
0-1: Fielders Choice at 2nd, 6-4 (Groundball, 6)
José Murillo scores
Batting: SHB Richard Griffin 0-0: Ball
Guy Moss steals 2nd base
1-0: Called Strike
1-1: Foul Ball, location: 2F
1-2: Ball
2-2: Ball
3-2: SINGLE (Line Drive, 7LS)
Guy Moss to third
Guy Moss scores
Pitching: RHP José Gonzáles
Batting: RHB Keith Ivey 0-0: Ball
1-0: SINGLE (Line Drive, 4MD)
Richard Griffin to second
Batting: RHB Gilberto Tovar 0-0: Ball
1-0: Called Strike
1-1: Fly out, F8 (Flyball, 8LM)
Bottom of the 7th over - 2 run(s), 4 hit(s), 0 error(s), 2 left on base; Savannah 2 - Dunedin 3
TOP OF THE 8TH
Savannah Hogs batting - Pitching for Dunedin Blue Jays : RHP George Floyd
Pitching: RHP Ralph Miller
Batting: RHB Anastasio Movonda 0-0: Ball
1-0: Foul Ball, location: 2F
1-1: Ball
2-1: Ball
3-1: Foul Ball, location: 2F
3-2: Base on Balls
Pitching: LHP Manuel Santiago
Batting: LHB Jim Clemente 0-0: Called Strike
0-1: Foul Ball, location: 2F
0-2: Strikes out swinging
Batting: LHB Ramón Morales 0-0: Ball
1-0: Ball
2-0: Called Strike
2-1: Ball
3-1: Base on Balls
Anastasio Movonda to second
Batting: RHB Sergio Moreno 0-0: Ball
1-0: Ball
2-0: Foul Ball, location: 2F
2-1: Ball
3-1: Fly out, F8 (Flyball, 8LXD)
Runner from 2nd tags up, SAFE at 3rd, no throw
Pinch Hitting: RHB Júlio Peña 0-0: Foul Ball, location: 2F
0-1: Ball
1-1: Foul Ball, location: 2F
1-2: Ball
2-2: Ground out U3 (Groundball, 3)
Top of the 8th over - 0 run(s), 0 hit(s), 0 error(s), 2 left on base; Savannah 2 - Dunedin 3
BOTTOM OF THE 8TH
Dunedin Blue Jays batting - Pitching for Savannah Hogs : RHP José Gonzáles
Pitching: RHP Luis Sánchez
Now at 2B: Henry Dawson
Batting: RHB David Castillo 0-0: Ball
1-0: Ball
2-0: Ball
3-0: Base on Balls
Batting: LHB Roberto Félix 0-0: Called Strike
0-1: Ball
1-1: Fly out, F6 (Popup, 6)
Batting: RHB Fernando Bórquez 0-0: Ball
1-0: Ball
2-0: Foul Ball, location: 2F
2-1: Swinging Strike
2-2: Strikes out swinging
Batting: RHB José Murillo 0-0: Ball
1-0: Swinging Strike
1-1: Swinging Strike
1-2: Foul Ball, location: 2F
1-2: Fielders Choice at 2nd, U4 (Groundball, 4M)
Bottom of the 8th over - 0 run(s), 0 hit(s), 0 error(s), 1 left on base; Savannah 2 - Dunedin 3
TOP OF THE 9TH
Savannah Hogs batting - Pitching for Dunedin Blue Jays : LHP Manuel Santiago
Pitching: LHP Artie Hernández
Pinch Hitting: RHB Javier Músquez 0-0: Called Strike
0-1: Called Strike
0-2: Strikes out looking
Batting: LHB Ivan Costello 0-0: Swinging Strike
0-1: Swinging Strike
0-2: Ball
1-2: Ball
2-2: Ground out 6-3 (Groundball, 6)
Pinch Hitting: RHB José Fajardo 0-0: Swinging Strike
0-1: Ball
1-1: Foul Ball, location: 2F
1-2: Ball
2-2: Ball
3-2: Strikes out looking
Top of the 9th over - 0 run(s), 0 hit(s), 0 error(s), 0 left on base; Savannah 2 - Dunedin 3
Monday, December 5th, 2016 - OOTP Baseball 17.12 Build 75